 Dungeon Sprint DCSS version 0.19-b1-4-gd8a0a2a (webtiles) character file.

1708 Groucho the Fighter (level 8, -7/82 HPs)
             Began as a Minotaur Fighter on Oct 30, 2016.
             Was a High Priest of Makhleb.
             Killed from afar by a rime drake (29 damage)
             ... with a flash freeze
             ... in the Dungeon (Sprint VII: "The Pits").
             The game lasted 00:04:17 (1500 turns).

Groucho the Fighter (Minotaur Fighter)              Turns: 1500, Time: 00:04:18

Health: -7/82      AC: 18    Str: 24    XL:     8   Next: 73%
Magic:  12/12      EV:  8    Int: 11    God:    Makhleb [*****.]
Gold:   0          SH: 12    Dex:  9    Spells: 0 memorised, 7 levels left

rFire  . . .     SeeInvis .     v - +1 broad axe (chop)
rCold  . . .     Gourm    .     a - +3 plate armour
rNeg   . . .     Faith    .     c - +0 shield
rPois  .         Spirit   .     (helmet restricted)
rElec  .         Reflect  .     (no cloak)
rCorr  .         Harm     .     (no gloves)
MR     .....     NoTele   +     (no boots)
Stlth  ..........               (no amulet)
                                h - +3 ring of intelligence
                                b - +3 ring of intelligence

@: no status effects
A: retaliatory headbutt, horns 2
a: Minor Destruction, Lesser Servant of Makhleb, Major Destruction, Greater
Servant of Makhleb, Renounce Religion


You were in the Dungeon.
You worshipped Makhleb.
Makhleb was extremely pleased with you.
You were not hungry.

You visited 1 branch

Inventory:

Hand Weapons
 s - a +2 morningstar of crushing
 v - a +1 broad axe of chopping (weapon)
Missiles
 r - 10 stones (quivered)
Armour
 a - a +3 plate armour (worn)
 c - a +0 shield (worn)
Jewellery
 b - a +3 ring of intelligence (left hand)
 h - a +3 ring of intelligence (right hand)
Scrolls
 k - a scroll of blinking
 m - 3 scrolls of remove curse
 n - 5 scrolls of amnesia
 o - a scroll of summoning
Potions
 d - a potion of might
 e - 9 potions of curing
 g - 8 potions of heal wounds
 i - 4 potions of magic
 j - 3 potions of berserk rage
 l - 2 potions of invisibility
 t - a potion of agility
 u - a potion of brilliance
Comestibles
 f - 8 bread rations
 p - 40 fruits
 q - 6 meat rations


   Skills:
 * Level 11.1 Fighting
 * Level 10.9 Axes
 * Level 11.0 Armour
 + Level 5.3 Dodging
 * Level 11.0 Shields
 + Level 7.0 Invocations


You had 7 spell levels left.
You didn't know any spells.

Dungeon Overview and Level Annotations

Branches:
Dungeon (1/1)

Altars:
Ashenzari
Cheibriados
Dithmenos
Elyvilon
Fedhas
Gozag
Hepliaklqana
Kikubaaqudgha
Makhleb
Nemelex Xobeh
Okawaru
Qazlal
Ru
Sif Muna
Trog
Uskayaw
Vehumet
Xom
Yredelemnul
Zin
The Shining One
Beogh
Jiyva
Lugonu


Innate Abilities, Weirdness & Mutations

You reflexively headbutt those who attack you in melee.
You have a pair of horns on your head.


Message History

Unknown command.
You are too injured to fight recklessly!
You barely miss the polar bear.
You headbutt the polar bear, but do no damage.
The polar bear is severely wounded.
You closely miss the rime drake. The ice encasing you melts away.
You block the rime drake's attack. You block the polar bear's attack. x2
The polar bear claws you but does no damage.
The rime drake bites you but does no damage.
Unknown command.
Unknown command.
You hit the polar bear but do no damage.
You headbutt the polar bear.
The polar bear is severely wounded.
You closely miss the rime drake. You block the polar bear's attack. x2
The polar bear claws you but does no damage.
The rime drake breathes ice at you. The flash freeze hits you!
You die...

....'................+
#####......#..#......#
#..##................#
'..#####'#####''#####
#'###.......##''#
†..##.......##..##
...##.......##...##
#####...<...###...##+##.
)[.##.......# ##@.......
)[.##.......# #kh###+###
#####.......##..## #..
##########..
#.############..
#)#....#..[[###.
#)#....#..[[# ##
#.†....'..).#
#'#....#..))#


You could see a polar bear and a rime drake.

Vanquished Creatures
  A phantasmal warrior (D)
  A demonic crawler (D)
  An ice devil (D)
  A shadow (D)
  2 floating eyes (D)
  An ice beast (D)
  A wolf (D)
  2 crimson imps (D)
  2 orc wizards (D)
  An orc priest (D)
  A worker ant (D)
  A gnoll (D)
  An adder (D)
  2 river rats (D)
  A white imp (D)
  An ufetubus (D)
  2 oozes (D)
  2 adder skeletons (D)
  An orc (D)
  A ball python (D)
  A giant cockroach (D)
27 creatures vanquished.

Notes
Turn   | Place    | Note
-------+----------+-------------------------------------------
     0 | D        | Groucho the Minotaur Fighter began the quest for the Orb.
     0 | D        | Reached XP level 1. HP: 19/19 MP: 0/0
    46 | D        | Found a radiant altar of Vehumet.
    46 | D        | Found a hide-covered altar of Uskayaw.
    46 | D        | Found an ancient bone altar of Kikubaaqudgha.
    46 | D        | Found a viscous altar of Jiyva.
    46 | D        | Found a hazy altar of Hepliaklqana.
    47 | D        | Found a bloodstained altar of Trog.
    47 | D        | Found a deep blue altar of Sif Muna.
    47 | D        | Found a sacrificial altar of Ru.
    47 | D        | Found a stormy altar of Qazlal.
    47 | D        | Found an iron altar of Okawaru.
    47 | D        | Found a sparkling altar of Nemelex Xobeh.
    47 | D        | Found an opulent altar of Gozag.
    47 | D        | Found a blossoming altar of Fedhas.
    47 | D        | Found a white marble altar of Elyvilon.
    47 | D        | Found a shadowy altar of Dithmenos.
    47 | D        | Found a snail-covered altar of Cheibriados.
    48 | D        | Found a glowing golden altar of the Shining One.
    48 | D        | Found a glowing silver altar of Zin.
    49 | D        | Found a burning altar of Makhleb.
    49 | D        | Found a basalt altar of Yredelemnul.
    49 | D        | Found a roughly hewn altar of Beogh.
    50 | D        | Found a corrupted altar of Lugonu.
    50 | D        | Found a shimmering altar of Xom.
    50 | D        | Found a shattered altar of Ashenzari.
    57 | D        | Became a worshipper of Makhleb the Destroyer
    75 | D        | Noticed a floating eye
    80 | D        | Killed a floating eye
    80 | D        | Reached skill level 5 in Axes
    80 | D        | Reached XP level 2. HP: 30/30 MP: 0/3
    80 | D        | Reached XP level 3. HP: 37/37 MP: 0/4
    80 | D        | Reached XP level 4. HP: 44/44 MP: 0/5
   145 | D        | Reached * piety under Makhleb
   254 | D        | Reached XP level 5. HP: 48/51 MP: 6/6
   257 | D        | Noticed a floating eye
   259 | D        | Reached ** piety under Makhleb
   260 | D        | Paralysed by a floating eye for 3 turns
   264 | D        | Killed a floating eye
   268 | D        | Reached skill level 5 in Invocations
   336 | D        | Reached *** piety under Makhleb
   347 | D        | Reached XP level 6. HP: 61/61 MP: 8/8
   351 | D        | Noticed an ice beast
   365 | D        | Killed an ice beast
   376 | D        | Reached **** piety under Makhleb
   536 | D        | Noticed an ice devil
   548 | D        | Killed an ice devil
   548 | D        | Reached XP level 7. HP: 62/71 MP: 10/10
   696 | D        | Reached ***** piety under Makhleb
  1051 | D        | Noticed a demonic crawler
  1052 | D        | Noticed a phantasmal warrior
  1061 | D        | Killed a demonic crawler
  1061 | D        | Reached skill level 10 in Fighting
  1061 | D        | Reached skill level 10 in Axes
  1061 | D        | Reached skill level 10 in Armour
  1061 | D        | Reached skill level 10 in Shields
  1061 | D        | Reached XP level 8. HP: 60/79 MP: 11/11
  1081 | D        | Killed a phantasmal warrior
  1081 | D        | Reached skill level 5 in Dodging
  1488 | D        | Noticed a polar bear
  1490 | D        | Noticed a rime drake
  1500 | D        | Killed from afar by a rime drake

Skill      XL: |  1  2  3  4  5  6  7  8 |
---------------+-------------------------+-----
Axes           | 5 7 9 10 | 10.9
Armour         | 6 7 9 10 11 | 11.0
Shields        | 6 7 9 10 11 | 11.0
Fighting       | 6 7 9 10 11 | 11.1
Invocations    | 3 5 6 7 |  7.0
Dodging        | 3 4 5 |  5.3

Action                   |  1- 3 |  4- 6 |  7- 9 || total
-------------------------+-------+-------+-------++-------
Melee: War axe           |     4 |    60 |    39 ||   103
       Headbutt          |       |     8 |     9 ||    17
       Broad axe         |       |       |    10 ||    10
Invok: Minor Destruction |       |       |     1 ||     1
  Use: Potion            |       |       |     5 ||     5
  Eat: Meat ration       |       |       |     1 ||     1
Armor: Scale mail        |       |     7 |       ||     7
       Chain mail        |       |    17 |    20 ||    37
       Plate armour      |       |       |    16 ||    16
Dodge: Dodged            |     1 |    18 |    10 ||    29
Block: Shield            |       |    27 |    34 ||    61
